 Dungeon Crawl Stone Soup version 0.21-a0-634-gaf8bc5d (webtiles) character file.

109 Megalobster the Poker (level 4, -3/34 HPs)
             Began as a Merfolk Skald on Dec 29, 2017.
             Slain by a worker ant (4 damage)
             ... on level 4 of the Dungeon.
             The game lasted 00:08:54 (3429 turns).

Megalobster the Poker (Merfolk Skald)               Turns: 3429, Time: 00:08:55

Health: -3/34      AC:  4    Str: 12    XL:     4   Next: 89%
Magic:  3/7        EV: 13    Int: 12    God:
Gold:   124        SH:  0    Dex: 13    Spells: 3/8 levels left

rFire    + . .     SeeInvis .   k - -3 spear (curse)
rCold    + . .     Gourm    .   (no shield)
rNeg     . . .     Faith    .   b - +0 leather armour
rPois    +         Spirit   .   (no helmet)
rElec    +         Reflect  .   (no cloak)
rCorr    +         Harm     .   (no gloves)
MR       .....                  i - +0 pair of boots
Stlth    +.........             (no amulet)
HPRegen  0.11/turn              q - ring of poison resistance
MPRegen  0.10/turn              (no ring)

@: resistant, infused
A: change form in water, swift swim, stealthy swim
a: no special abilities


You were on level 4 of the Dungeon.
You were not hungry.

You visited 1 branch of the dungeon, and saw 4 of its levels.

You collected 124 gold pieces.

Inventory:

Hand Weapons
 a - a +1 spear
 f - a +0 spear
 k - a cursed -3 spear (weapon)
 n - a -1 spear
Missiles
 h - 66 stones (quivered)
Armour
 b - a +0 leather armour (worn)
 i - a +0 pair of boots (worn)
 j - a +0 chain mail
Jewellery
 q - a ring of poison resistance (left hand)
Scrolls
 e - a scroll of enchant weapon
 o - a scroll of identify
Potions
 g - 2 potions of flight
 l - a potion of curing
Books
 c - a book of Battle

   Spells                             Type                      Level
   a - Infusion                       Charms                       1
   b - Shroud of Golubria             Charms/Translocation         2
   c - Song of Slaying                Charms                       2
   d - Spectral Weapon                Hexes/Charms                 3
   e - Regeneration                   Charms/Necromancy            3
Comestibles
 d - 6 rations


   Skills:
 + Level 2.7 Fighting
 * Level 4.4 Polearms
 + Level 1.1 Armour
 + Level 3.3 Dodging
 + Level 2.5 Spellcasting
 * Level 4.0 Charms


You had 3 spell levels left.
You knew the following spells:

 Your Spells              Type           Power        Failure   Level  Hunger
a - Infusion              Chrm           ##..         6%          1    #......
b - Song of Slaying       Chrm           ##......     10%         2    ###....
c - Shroud of Golubria    Chrm/Tloc      #.........   22%         2    ###....


Dungeon Overview and Level Annotations

Branches:
Dungeon (4/15)
 Temple: D:4-7

Altars:
Nemelex Xobeh
Okawaru
Trog


Message History

The worker ant is severely wounded.
The worker ant closely misses you.
You barely miss the worker ant.
The worker ant is severely wounded.
The worker ant closely misses you.
Okay, then.
You completely miss the worker ant.
The worker ant is severely wounded.
The worker ant closely misses you.
You hit the worker ant but do no damage.
The worker ant is severely wounded.
The worker ant bites you but does no damage.
You hit the worker ant.
The worker ant is almost dead.
The worker ant bites you.
* * * LOW HITPOINT WARNING * * *
You completely miss the worker ant.
The worker ant is almost dead.
The worker ant bites you.
You die...

#.....# #.....#
#.....#### ###.....#
#[.......###.......#
......##...#.#.....#
.........#...#.....#
......##.##.####.###
......##.##... #.#
########....#.##.#
#..###.##@# ...#
##a# # ..##
##h###♣≈≈≈. #..
#.....≈≈≈≈≈ ##
#............♣≈≈≈♣
.####. ............#
. ......#
..........?.$...
##.#..#
....$........### #
... .>
.............#


You could see a hound and a worker ant.

Vanquished Creatures
  A worker ant (D:4)
  An adder (D:3)
  3 oozes
  An adder skeleton (D:4)
  A worm (D:2)
  2 dart slugs (D:1)
  2 leopard geckos
  A ball python (D:2)
  2 giant cockroaches
  4 goblins
  7 hobgoblins
  3 quokkas
  8 bats
  5 frilled lizards
  5 kobolds
  8 rats
54 creatures vanquished.

Notes
Turn   | Place    | Note
-------+----------+-------------------------------------------
     0 | D:1      | Megalobster the Merfolk Skald began the quest for the Orb.
     0 | D:1      | Reached XP level 1. HP: 16/16 MP: 3/3
    51 | D:1      | Reached XP level 2. HP: 22/22 MP: 5/5
   435 | D:1      | Reached skill level 1 in Armour
   435 | D:1      | Reached XP level 3. HP: 28/28 MP: 6/6
   439 | D:1      | Learned a level 2 spell: Song of Slaying
   442 | D:1      | Learned a level 2 spell: Shroud of Golubria
  1922 | D:3      | Reached XP level 4. HP: 34/34 MP: 7/7
  2125 | D:3      | Found a sparkling altar of Nemelex Xobeh.
  2676 | D:3      | Found a bloodstained altar of Trog.
  3290 | D:4      | Found an iron altar of Okawaru.
  3428 | D:4      | HP: 1/34 [worker ant (5)]
  3429 | D:4      | Slain by a worker ant

Vault maps used:
D:1:      noname_arrival_rooms_in_the_neighbourhood
D:3:      overflow_temple_1_default, lightli_temple_of_fire
D:4:      minmay_temple_entry_fiery, first_ration, serial_bayou,
          serial_bayou_pond_d, serial_bayou_pond_e, serial_bayou_pond_e,
          serial_bayou_shore_b, okawaru_ov_weapons_minmay

Skill      XL: |  1  2  3  4 |
---------------+-------------+-----
Armour         | 1 |  1.1
Dodging        | 3 |  3.3
Polearms       | 4 |  4.4
Charms         | 4 |  4.0
Fighting       | |  2.7
Spellcasting   | |  2.5

Action                   |  1- 3 |  4- 6 || total
-------------------------+-------+-------++-------
Melee: Spear             |   170 |   124 ||   294
 Cast: Infusion          |     2 |     5 ||     7
  Use: Scroll            |     4 |     3 ||     7
       Potion            |     1 |     1 ||     2
 Stab: Sleeping          |     5 |     1 ||     6
  Eat: Chunk             |     3 |     2 ||     5
       Ration            |       |     1 ||     1
Armor: Leather armour    |    31 |    21 ||    52
       Skin              |     8 |       ||     8
Dodge: Dodged            |    64 |    72 ||   136

Table legend:
 A = Spawn XP
 B = Non-spawn XP
 C = Spawn XP percentage of total XP
 D = Spawn monster count
 E = Non-spawn monster count
 F = Spawn count percentage of total count
 G = Total turns spent on level
                    A         B        C        D         E        F      G
               +---------+---------+-------+---------+---------+-------+---------
         Total |       0 |     156 |   0.0 |       0 |      54 |   0.0 |  3429
               +---------+---------+-------+---------+---------+-------+---------
           D:1 |       0 |      52 |   0.0 |       0 |      26 |   0.0 |  1002
           D:2 |       0 |      29 |   0.0 |       0 |      15 |   0.0 |   812
           D:3 |       0 |      30 |   0.0 |       0 |       8 |   0.0 |  1028
           D:4 |       0 |      45 |   0.0 |       0 |       5 |   0.0 |   587
               +---------+---------+-------+---------+---------+-------+---------
